 Dungeon Crawl Stone Soup version 0.20.1-1-g8b1a95d66d (webtiles) character file.

12667 Gargoyl the Cleaver (level 11, -4/97 HPs)
             Began as a Centaur Abyssal Knight on Dec 30, 2017.
             Was a High Priest of Lugonu.
             Slain by a blink frog (14 damage)
             ... on level 1 of the Lair of Beasts.
             The game lasted 00:25:59 (14301 turns).

Gargoyl the Cleaver (Centaur Abyssal Knight)       Turns: 14301, Time: 00:25:59

Health: -4/97      AC: 19    Str: 20    XL:     11   Next: 65%
Magic:  17/17      EV:  7    Int: 11    God:    Lugonu [*****.]
Gold:   584        SH:  8    Dex: 16    Spells: 10/10 levels left

rFire    . . .     SeeInvis .   e - +0 war axe
rCold    . . .     Gourm    .   m - +0 buckler
rNeg     . . .     Faith    .   y - +3 chain mail
rPois    .         Spirit   .   (no helmet)
rElec    .         Reflect  .   b - +1 cloak
rCorr    .         Harm     .   n - +2 pair of gloves
MR       .....                  (no barding)
Stlth    ..........             (no amulet)
Regen    0.3/turn               l - +4 ring of strength
MPRegen  0.2/turn               B - +5 ring of dexterity

@: about to teleport, very quick
A: hooves 3, large bone plates 1, rugged brown scales 1, deformed body, speed 2,
tough skin 3
a: Depart the Abyss, Bend Space, Banish, Corrupt, Enter the Abyss, Renounce
Religion


You were on level 1 of the Lair of Beasts.
You worshipped Lugonu.
Lugonu was extremely pleased with you.
You were not hungry.

You visited 2 branches of the dungeon, and saw 11 of its levels.
You visited the Abyss 1 time.

You collected 584 gold pieces.

Inventory:

Hand Weapons
 a - a +1 hand axe
 e - a +0 war axe (weapon)
Armour
 b - a +1 cloak (worn)
 m - a +0 buckler (worn)
 n - a +2 pair of gloves (worn)
 y - a +3 chain mail (worn)
Jewellery
 l - a +4 ring of strength (left hand)
 B - a +5 ring of dexterity (right hand)
Wands
 d - a wand of iceblast (2/15)
 r - a wand of digging (9/24)
 A - a wand of disintegration (9/24)
 D - a wand of confusion (37/48)
Scrolls
 f - a scroll of identify
 v - a scroll of fear
 x - 3 scrolls of remove curse
 C - a scroll of recharging
 E - a scroll of blinking
Potions
 i - 2 potions of might
 j - 2 potions of brilliance
 k - 5 potions of flight
Books
 z - a book of Frost

   Spells                             Type                      Level
   a - Freeze                         Ice                          1
   b - Throw Frost                    Conjuration/Ice              2
   c - Ozocubu's Armour               Charms/Ice                   3
   d - Throw Icicle                   Conjuration/Ice              4
   e - Summon Ice Beast               Ice/Summoning                4
Comestibles
 c - 5 bread rations
 g - 7 royal jellies
 o - 16 fruits
 q - 5 meat rations
 w - 4 chunks of flesh


   Skills:
 + Level 8.3 Fighting
 + Level 9.8 Axes
 * Level 8.0 Armour
 + Level 2.6 Dodging
 + Level 2.1 Shields
 * Level 9.0 Invocations


You had 10 spell levels left.
You didn't know any spells.

Dungeon Overview and Level Annotations

Branches:
Dungeon (10/15)            Temple (0/1) D:7            Lair (1/6) D:10
    Orc: D:9-12

Altars:
Ashenzari
Dithmenos
Makhleb
Nemelex Xobeh
Okawaru
Qazlal
Sif Muna
Vehumet
Xom
Beogh

Shops:
D:5 }


Innate Abilities, Weirdness & Mutations

You have hooves in place of feet.
Armour fits poorly on your strangely shaped body.
You cover ground very quickly.
You have extremely tough skin. (AC +3)
You are partially covered in large bone plates. (SH +4)
You are partially covered in rugged brown scales. (AC +1, +3% HP)


Message History

* * * LOW HITPOINT WARNING * * *
You block the blink frog's attack.
The blink frog hits you but does no damage.
You closely miss the blink frog. You kick the blink frog.
The blink frog is severely wounded.
Your chain mail prevents you from hitting the blink frog.
You block the blink frog's attack.
The blink frog blinks!
Unknown command.
Your chain mail prevents you from hitting the blink frog.
You kick the blink frog, but do no damage.
You hit the blink frog. The blink frog hits you.
* * * LOW HITPOINT WARNING * * *
The blink frog barely misses you. The blink frog completely misses you.
The blink frog blinks!
Unknown command.
As you read the scroll of teleportation, it crumbles to dust.
You feel strangely unstable.
The blink frog hits you but does no damage. x2
The blink frog blinks!
The blink frog hits you!
You die...

.≈.>.≈≈≈...#...P#...
.≈..F≈≈≈≈...........
≈≈≈≈≈≈≈≈≈...........
≈≈≈≈≈≈≈≈F...........
≈≈≈≈≈≈≈≈.#..........
≈≈≈≈≈≈≈≈...........
..≈≈≈§.§###....##.
......†.#F##..##
..#...†.§@....## ...
..F....#FF.....#....
.......#............
..#...##............
. ##.........F......
#...........#[...
#####<.....##....
#P....P# ..#
###..### ##


You could see 5 blink frogs.

Vanquished Creatures
  3 two-headed ogres
  A glowing orange brain (Abyss:1)
  The ghost of Csabeeboy the Skirmisher, an amateur DrWn (D:5)
  Grinder (D:4)
  2 dream sheep (D:8)
  3 hippogriffs
  3 blink frogs (Lair:1)
  Sigmund (D:5)
  2 yaks (D:8)
  A hungry ghost (D:9)
  Edmund (D:5)
  Menkaure (D:4)
  A water moccasin (D:8)
  3 porcupines (D:10)
  7 orc warriors
  5 sky beasts
  2 ice beasts
  6 phantoms
  2 black bears (D:10)
  An eye of draining (D:7)
  5 ogres
  2 centaurs (D:10)
  2 crocodiles (D:10)
  9 bullfrogs
  4 big kobolds
  A gnoll sergeant (D:7)
  2 scorpions
  8 wights
  A howler monkey (D:3)
  6 crimson imps
  2 centaur zombies
  2 bullfrog zombies
  7 orc priests
  4 hounds
  5 bullfrog skeletons
  2 centaur skeletons
  2 gnoll shamans
  A jelly (D:10)
  3 iguanas
  5 worker ants
  11 orc wizards
  3 worker ant zombies
  22 gnolls
  5 adders
  4 shadow imps
  3 oozes
  2 adder skeletons
  An adder zombie (D:7)
  4 worms
  3 dart slugs
  4 leopard geckos
  39 orcs
  3 ball pythons
  4 giant cockroaches
  9 goblins
  8 hobgoblins
  5 jackals
  8 quokkas
  11 bats
  3 frilled lizards (D:2)
  16 kobolds
  2 leopard gecko skeletons
  2 quokka skeletons
  7 rats
  A butterfly (D:7)
  3 fungi (D:10)
303 creatures vanquished.

Vanquished Creatures (others)
  A hydra (D:8)
  An unseen horror (D:10)
  An orc warrior (D:4)
  A crimson imp (D:5)
  9 fungi (D:10)
  A plant (Lair:1)
14 creatures vanquished.

Grand Total: 317 creatures vanquished

Notes
Turn   | Place    | Note
-------+----------+-------------------------------------------
     0 | Abyss:1  | Gargoyl the Centaur Abyssal Knight began the quest for the Orb.
     0 | Abyss:1  | Reached XP level 1. HP: 19/19 MP: 2/2
    51 | Abyss:1  | Noticed a glowing orange brain
    69 | Abyss:1  | Noticed a phantasmal warrior
    69 | Abyss:1  | Killed a glowing orange brain
    69 | Abyss:1  | Reached skill level 5 in Fighting
    69 | Abyss:1  | Reached skill level 1 in Dodging
    69 | Abyss:1  | Reached XP level 2. HP: 30/30 MP: 2/4
    69 | Abyss:1  | Reached XP level 3. HP: 37/37 MP: 2/5
    69 | Abyss:1  | Reached XP level 4. HP: 44/44 MP: 2/6
    69 | Abyss:1  | Reached XP level 5. HP: 50/50 MP: 2/7
    69 | Abyss:1  | Reached XP level 6. HP: 57/57 MP: 2/8
    71 | D:1      | Escaped the Abyss
   152 | D:1      | Reached XP level 7. HP: 59/62 MP: 9/9
  1450 | D:2      | Reached ** piety under Lugonu
  1973 | D:2      | Found an iron altar of Okawaru.
  3429 | D:3      | Found a radiant altar of Vehumet.
  3430 | D:3      | Found a burning altar of Makhleb.
  3588 | D:4      | Noticed Menkaure
  3610 | D:4      | Killed Menkaure
  3615 | D:4      | Reached *** piety under Lugonu
  4032 | D:4      | Reached XP level 8. HP: 18/70 MP: 11/11
  4983 | D:4      | Reached skill level 5 in Axes
  5185 | D:4      | Noticed Grinder
  5190 | D:4      | Paralysed by Grinder for 7 turns
  5217 | D:4      | Killed Grinder
  5217 | D:4      | Reached skill level 5 in Invocations
  5503 | D:5      | Entered Level 5 of the Dungeon
  5503 | D:5      | Noticed Sigmund
  5520 | D:5      | Killed Sigmund
  5555 | D:5      | Noticed Csabeeboy's ghost (amateur DrWn)
  5621 | D:5      | Killed Csabeeboy's ghost
  5933 | D:4      | Reached XP level 9. HP: 7/78 MP: 13/13
  6282 | D:5      | Noticed Edmund
  6301 | D:5      | Killed Edmund
  6352 | D:5      | Reached skill level 1 in Shields
  6501 | D:5      | Gained mutation: You do not regenerate when monsters are visible. [mutagenic meat]
  6532 | D:5      | Reached skill level 5 in Armour
  6536 | D:5      | Gained mutation: You are frail. (-10% HP) [mutagenic meat]
  6537 | D:5      | Lost mutation: You are frail. (-10% HP) [mutagenic meat]
  6538 | D:5      | Gained mutation: You are resistant to hostile enchantments. (MR+) [mutagenic meat]
  6539 | D:5      | Gained mutation: Your spells are a little harder to cast, but a little more powerful. [mutagenic meat]
  6635 | D:5      | Found Itaholag's Gadget Shop.
  8018 | D:6      | Found a sparkling altar of Nemelex Xobeh.
  8485 | D:7      | Gained mutation: Your flesh is heat resistant. (rF+) [mutagenic meat]
  8487 | D:7      | Lost mutation: You do not regenerate when monsters are visible. [mutagenic meat]
  8501 | D:7      | Reached **** piety under Lugonu
  8632 | D:7      | Identified a scroll of acquirement
  8831 | D:7      | Reached XP level 10. HP: 72/86 MP: 14/14
  8854 | D:7      | Gained mutation: Your muscles are strong. (Str +2) [mutagenic meat]
  8855 | D:7      | Lost mutation: Your muscles are strong. (Str +2) [mutagenic meat]
  8856 | D:7      | Gained mutation: Your system is resistant to poisons. (rPois) [mutagenic meat]
  9570 | D:7      | Found a transporter.
  9578 | D:7      | Found a roughly hewn altar of Beogh.
  9603 | D:7      | Found a staircase to the Ecumenical Temple.
 10027 | D:7      | Found a transporter.
 10246 | D:8      | Found a stormy altar of Qazlal.
 10612 | D:8      | Reached ***** piety under Lugonu
 10849 | D:8      | Noticed a three-headed hydra
 10854 | D:8      | Banished a three-headed hydra
 10963 | D:8      | Noticed a two-headed ogre
 10981 | D:8      | Killed a two-headed ogre
 11303 | D:8      | Lost mutation: Your system is resistant to poisons. (rPois) [mutagenic meat]
 11304 | D:8      | Gained mutation: Your body sometimes deteriorates upon taking damage. [mutagenic meat]
 11305 | D:8      | Gained mutation: Your flesh is very heat resistant. (rF++) [mutagenic meat]
 11306 | D:8      | Lost mutation: Your body sometimes deteriorates upon taking damage. [mutagenic meat]
 11307 | D:8      | Gained mutation: You have an increased reservoir of magic. (+10% MP) [mutagenic meat]
 11501 | D:8      | Reached XP level 11. HP: 91/94 MP: 18/18
 11534 | D:8      | Found a shimmering altar of Xom.
 11878 | D:9      | Noticed a two-headed ogre
 11888 | D:9      | Killed a two-headed ogre
 12086 | D:9      | Found a shadowy altar of Dithmenos.
 12638 | D:9      | Found a shattered altar of Ashenzari.
 12642 | D:9      | Found a deep blue altar of Sif Muna.
 12645 | D:9      | Found a stormy altar of Qazlal.
 12940 | D:10     | Entered Level 10 of the Dungeon
 13375 | D:10     | Noticed a two-headed ogre
 13722 | D:10     | Killed a two-headed ogre
 14110 | D:10     | Banished an unseen horror
 14149 | D:10     | Found a staircase to the Lair.
 14258 | Lair:1   | Entered Level 1 of the Lair of Beasts
 14296 | Lair:1   | Lost mutation: You are resistant to hostile enchantments. (MR+) [potion of mutation]
 14296 | Lair:1   | Lost mutation: Your spells are a little harder to cast, but a little more powerful. [potion of mutation]
 14296 | Lair:1   | Lost mutation: Your flesh is very heat resistant. (rF++) [potion of mutation]
 14296 | Lair:1   | Lost mutation: You have an increased reservoir of magic. (+10% MP) [potion of mutation]
 14296 | Lair:1   | Lost mutation: Your flesh is heat resistant. (rF+) [potion of mutation]
 14296 | Lair:1   | Gained mutation: You are partially covered in rugged brown scales. (AC +1, +3% HP) [potion of mutation]
 14296 | Lair:1   | Gained mutation: You are partially covered in large bone plates. (SH +4) [potion of mutation]
 14301 | Lair:1   | Slain by a blink frog

Skill      XL: |  1  2  3  4  5  6  7  8  9 10 11 |
---------------+----------------------------------+-----
Fighting       | 5 6 7 8 |  8.3
Axes           | 3 4 5 7 8 9 |  9.8
Armour         | 2 3 4 5 7 8 |  8.0
Dodging        | 1 2 |  2.6
Invocations    | 3 4 5 6 8 9 |  9.0
Shields        | 1 2 |  2.1

Action                   |  1- 3 |  4- 6 |  7- 9 | 10-12 || total
-------------------------+-------+-------+-------+-------++-------
Melee: Hand axe          |    16 |     6 |   247 |       ||   269
       Kick              |     6 |     1 |   139 |   201 ||   347
       War axe           |       |       |   380 |   557 ||   937
Invok: Banish            |       |       |     2 |     3 ||     5
Evoke: Wand              |       |       |       |     3 ||     3
  Use: Scroll            |       |       |    14 |     7 ||    21
       Potion            |       |       |     9 |     6 ||    15
  Eat: Chunk             |       |       |    30 |    29 ||    59
       Bread ration      |       |       |     1 |     3 ||     4
Armor: Leather armour    |       |     1 |     5 |       ||     6
       Ring mail         |       |       |   124 |       ||   124
       Skin              |       |       |    38 |       ||    38
       Chain mail        |       |       |   218 |   391 ||   609
Dodge: Dodged            |       |     2 |   232 |   159 ||   393
Block: Buckler           |       |       |    50 |   102 ||   152
